Cogmind - Beta 15 @@@ ROGUE MODE // 2025.05.08 @ 12:37:36 Player: Swonlong Result: Destroyed by Y-45 Defender with Heavy Assault Rifle Performance ------------- Evolutions (1) 500 Regions Visited (3) 600 Robots Destroyed (24) 120 Value Destroyed (728) 728 Prototype IDs (4) 80 Alien Tech Used (0) 0 Bonus (25) 25 TOTAL SCORE: 2053 Bonus ------- Follower Combat Kills 25 Cogmind --------- Core Integrity 0/400 Matter 285/300 Energy 64/100 System Corruption 0% Temperature Hot (224) Movement Core (400) Ox7 Location -9/Storage Parts ------- > --- POWER (1) -------- (None) > --- PROPULSION (2) --- (None) > --- UTILITY (4) ------ Heat Sink Large Storage Unit Improved Terrain Scan Processor > --- WEAPON (2) ------- Small Laser Small Laser > --- INVENTORY (15) --- Advanced Treads Aluminum Leg Improved Aluminum Leg Structural Scanner Improved Terrain Scanner Improved Terrain Scan Processor Improved Light Armor Plating Hacking Suite Grenade Launcher Mace Peak State ------------ > --- POWER ------------ Ion Engine > --- PROPULSION ------- Advanced Treads Advanced Treads > --- UTILITY ---------- Heat Sink Large Storage Unit Improved Terrain Scanner Improved Terrain Scan Processor > --- WEAPON ----------- Small Laser Particle Gun > --- INVENTORY -------- Ion Engine Advanced Treads Advanced Treads Aluminum Leg Improved Aluminum Leg Heat Sink Structural Scanner Improved Terrain Scan Processor Improved Light Armor Plating Improved Light Armor Plating Shield Generator Hacking Suite Small Laser Grenade Launcher Mace [Rating: 21] Favorites ----------- Power Ion Engine Engine Ion Engine Propulsion Advanced Treads Treads Advanced Treads Leg Aluminum Leg Utility Heat Sink Device Heat Sink Storage Large Storage Unit Processor Improved Terrain Scan Processor Protection Improved Light Armor Plating Weapon Small Laser Energy Gun Small Laser Build | -11 -10 -9 -9 ------- Run | Yrd Mat Mat Sto Slots Evolved 2 | . . 2 . Power . | . . . . Propulsion . | . . . . Utility 2 | . . 2 . Weapon . | . . . . Parts Attached 27 | 7 5 10 5 Power 4 | 1 1 1 1 Engine 4 | 1 1 1 1 Core . | . . . . Reactor . | . . . . Propulsion 7 | 2 2 2 1 Treads 5 | 2 . 2 1 Leg 2 | . 2 . . Wheel . | . . . . Hover . | . . . . Flight . | . . . . Utility 11 | 2 2 6 1 Device 5 | 1 1 2 1 Storage 3 | 1 1 1 . Processor 1 | . . 1 . Hackware . | . . . . Protection 2 | . . 2 . Artifact . | . . . . Weapon 5 | 2 . 1 2 Energy Gun 5 | 2 . 1 2 Energy Cannon . | . . . . Ballistic Gun . | . . . . Ballistic Cannon . | . . . . Launcher . | . . . . Special Weapon . | . . . . Impact Weapon . | . . . . Slashing Weapon . | . . . . Piercing Weapon . | . . . . Special Melee Weapon . | . . . . Unidentified Prototypes . | . . . . Parts Lost 10 | . . 1 9 Power 2 | . . . 2 Propulsion 3 | . . . 3 Utility 2 | . . . 2 Weapon 3 | . . 1 2 Highest Loss Streak 6 | . . 1 6 To Critical Strikes . | . . . . Average Backups 10 | 4 7 12 13 Power . | . 1 1 . Propulsion 3 | 2 4 3 3 Utility 3 | . 1 5 5 Weapon 2 | . 1 2 3 Tool/Special . | . . . . Unused Backups 13 | . 1 5 7 Power . | . . . . Propulsion 6 | . . 3 3 Utility 4 | . . 2 2 Weapon 3 | . 1 . 2 Tool/Special . | . . . . Average Slot Usage (%) 95 | . 98 95 88 Engine 11 | . 14 11 9 Treads 16 | . 19 14 15 Leg 6 | . 7 7 . Device 16 | . 14 18 14 Storage 11 | . 14 11 11 Processor 5 | . . 6 11 Protection 2 | . . 3 3 Energy Gun 23 | . 28 22 21 Peak Build Rating 21 | 9 9 21 20 Average Rating 13 | 6 7 16 17 On Entrance 9 | . 9 8 20 Naked Turns . | . . . . Heaviest Build 33 | 14 19 33 33 Greatest Support 44 | 40 40 44 44 Greatest Overweight (x) 6 | . 6 1 1 Average Overweight (x) . | . . . . Largest Inventory Capacity 15 | 8 10 15 15 Average Capacity 12 | 7 8 14 15 Most Carried 15 | 6 10 15 15 Average Carried 10 | 4 7 13 13 Final Capacity 15 | 8 10 15 15 Final Carried 15 | 6 10 15 10 Class Distribution -------------------- 68% | Mutant 31% | Scavenger-Mutant Dominant Class ---------------- Mutant | -10/Materials Mutant | -9/Materials Mutant | -9/Storage Resources | -11 -10 -9 -9 ----------- Run | Yrd Mat Mat Sto Matter Collected 530 | 270 70 145 45 Remotely . | . . . . Salvage Created 905 | 24 258 410 213 Parts 35 | 4 14 11 6 Haulers Intercepted 1 | . 1 . . Recyclers Shooed 1 | 1 . . . Parts Field Recycled . | . . . . Retrieved Matter . | . . . . Parts Self-Destructed . | . . . . Prevented . | . . . . Kills | -11 -10 -9 -9 ------- Run | Yrd Mat Mat Sto Combat Hostiles Destroyed 19 | . 5 8 6 Guns 19 | . 5 8 6 Classes Destroyed 8 | 1 2 4 1 Tunneler 1 | 1 . . . Hauler 1 | . 1 . . Recycler 1 | . . 1 . Operator 1 | . . 1 . Watcher 1 | . . 1 . Swarmer 2 | . . . 2 Grunt 16 | . 5 7 4 Sentry 1 | . . 1 . Best Kill Streak 5 | 1 3 2 5 Combat Bots Only 5 | . 2 2 5 Max Kills in Single Turn 1 | 1 1 1 1 Gunslinging . | . . . . Exploded . | . . . . Melee . | . . . . Uniques/NPCs Destroyed . | . . . . Combat | -11 -10 -9 -9 -------- Run | Yrd Mat Mat Sto Hostile Shots Fired 181 | . 28 49 104 Missed 36 | . 4 9 23 Hits 145 | . 24 40 81 Projectile 145 | . 24 40 81 Critical Strikes 6 | . . 1 5 Damage Taken 1844 | . 299 527 1018 Core 437 | . 36 96 305 Absorbed by Shields . | . . . . Core Remaining (%) 92 | 100 85 . . Volleys Fired 84 | 2 19 35 28 Largest 2 | 2 2 2 2 Hottest 105 | 90 90 105 105 Shots Fired 161 | 4 33 70 54 Gun 161 | 4 33 70 54 Cannon . | . . . . Launcher . | . . . . Special . | . . . . Kinetic . | . . . . Thermal 161 | 4 33 70 54 Explosive . | . . . . Electromagnetic . | . . . . Robot Hit Streak 15 | 1 5 15 10 Robot Miss Streak 5 | 1 1 4 5 Penetration Max . | . . . . Secondary Targets 1 | . . . 1 Max Gunslinging Chain 1 | . . . 1 Shots Hit Robots 108 | 2 22 52 32 Core Hits 42 | 1 13 19 9 Critical Kills . | . . . . Critical Parts Destroyed . | . . . . Critical Strikes 2 | . 1 . 1 Burn 2 | . 1 . 1 Melee Attacks . | . . . . Impact . | . . . . Slashing . | . . . . Piercing . | . . . . Sneak Attacks . | . . . . Combat Hostiles . | . . . . Follow-up Attacks . | . . . . Damage Inflicted 1441 | 24 257 751 409 Guns 1342 | 24 257 652 409 Cannons . | . . . . Explosions 99 | . . 99 . Melee . | . . . . Ramming . | . . . . Kinetic . | . . . . Thermal 1342 | 24 257 652 409 Explosive 99 | . . 99 . Electromagnetic . | . . . . Impact . | . . . . Slashing . | . . . . Piercing . | . . . . Highest Corruption . | . . . . Average Corruption . | . . . . Corruption Purged . | . . . . Corruption Blocked . | . . . . Overload Shots . | . . . . Overflow Damage 19 | . . 19 . Projectiles . | . . . . Explosions 19 | . . 19 . Melee . | . . . . Knockbacks . | . . . . Impact . | . . . . Kinetic . | . . . . Secondary . | . . . . Self-Inflicted Damage 44 | . . 44 . Shots 1 | . . 1 . Rammed . | . . . . Targets Rammed . | . . . . Kicked . | . . . . Crushed . | . . . . Highest Temperature 324 | 60 255 153 324 Average Temperature 123 | 30 122 64 192 Received Heat Transfer 915 | . 165 270 480 Effects 4 | . 3 . 1 Energy Bleed 1 | . . . 1 Interference 3 | . 3 . . Siege Activations . | . . . . Martial Activations . | . . . . Shielding Activations . | . . . . Robots Disrupted . | . . . . Combat Hostiles . | . . . . Robots Corrupted . | . . . . Combat Hostiles . | . . . . Parts Fried . | . . . . Impact Corruptions . | . . . . Robots Melted . | . . . . Combat Hostiles . | . . . . Parts Melted 11 | . 1 9 1 Heat Transferred 3461 | 62 732 1649 1018 Parts Sabotaged . | . . . . Parts Stolen . | . . . . Parts Stripped . | . . . . Power Chain Reactions . | . . . . Alert | -11 -10 -9 -9 ------- Run | Yrd Mat Mat Sto Maximum Alert Level . | . . . . Low Security (%) 100 | 100 100 100 100 Level 1 . | . . . . Level 2 . | . . . . Level 3 . | . . . . Level 4 . | . . . . Level 5 . | . . . . High Security . | . . . . Max Security . | . . . . Peak Influence 85 | 5 47 85 65 Initial 11 | . . 11 2 Average 23 | . 16 35 18 Influence Increases 624 | 5 127 306 186 Destroy 0b10 Robot/C 400 | . 100 160 140 Destroy 0b10 Robot/NC 25 | 5 5 15 . Destroy Leader 74 | . 22 22 30 Allied During Kill 1 | . . . 1 Successful Hack 32 | . . 32 . Disable Machine 30 | . . 30 . Destroy Structure 17 | . . 17 . Lose Combat Pursuer 45 | . . 30 15 Influence Decreases 579 | 5 100 326 148 Entered New Map 21 | . . 16 5 Time Decay 367 | 5 100 219 43 Lost Part 90 | . . 10 80 Lost Ally 20 | . . . 20 Purge Threat 81 | . . 81 . Squads Dispatched 5 | . 1 . 4 Investigation 1 | . 1 . . Extermination . | . . . . Reinforcement . | . . . . Assault 2 | . . . 2 Garrison 2 | . . . 2 Intercept . | . . . . Searches Triggered . | . . . . Construction Impeded . | . . . . Haulers Reinforced . | . . . . Active Scanning Responses . | . . . . Cargo Convoy Interrupts . | . . . . Stealth | -11 -10 -9 -9 --------- Run | Yrd Mat Mat Sto Distress Signals 2 | . 1 1 . Communications Jammed . | . . . . Distress Signals . | . . . . Times Spotted 34 | . 6 14 14 Peak Tracking Total 8 | . 4 3 8 Tactical Retreats 3 | . . 2 1 Traps | -11 -10 -9 -9 ------- Run | Yrd Mat Mat Sto Traps Triggered 5 | . 2 . 3 Indirectly . | . . . . Trap Hack Attempts . | . . . . Triggered . | . . . . Disarmed . | . . . . Reprogrammed . | . . . . Reused . | . . . . Traps Extracted . | . . . . Installed . | . . . . Triggered . | . . . . Machines | -11 -10 -9 -9 ---------- Run | Yrd Mat Mat Sto Machines Disabled 2 | . . 2 . Max in Single Turn 1 | . . 1 . Machines Repaired . | . . . . Machines Dismantled . | . . . . Machines Sabotaged . | . . . . Overloaded Fab Kills . | . . . . Hacking | -11 -10 -9 -9 --------- Run | Yrd Mat Mat Sto Machines Accessed 7 | . . 5 2 Terminals 7 | . . 5 2 Fabricators . | . . . . Repair Stations . | . . . . Recycling Units . | . . . . Scanalyzers . | . . . . Garrison Access . | . . . . Total Hacks 19 | . . 16 3 Successful 8 | . . 8 . Failed 11 | . . 8 3 Catastrophic 2 | . . 1 1 Database Lockouts . | . . . . Manual 8 | . . 7 1 Terminals 19 | . . 16 3 Fabricators . | . . . . Repair Stations . | . . . . Recycling Units . | . . . . Scanalyzers . | . . . . Garrison Access . | . . . . Terminal Hacks 7 | . . 7 . Robot Analysis 1 | . . 1 . Prototype ID Bank 2 | . . 2 . Branch Access Points 1 | . . 1 . Emergency Access Points 1 | . . 1 . Unreport Threat 1 | . . 1 . Registered Components 1 | . . 1 . Fabricator Hacks . | . . . . Repair Station Hacks . | . . . . Recycling Unit Hacks . | . . . . Scanalyzer . | . . . . Garrison Access Hacks . | . . . . Unauthorized Hacks 1 | . . 1 . Terminals 1 | . . 1 . Botnet 1 | . . 1 . Fabricators . | . . . . Repair Stations . | . . . . Recycling Units . | . . . . Scanalyzers . | . . . . Garrison Access . | . . . . Data Cores Recovered 1 | . . 1 . Used 1 | . . 1 . Hacking Detections 7 | . . 5 2 Full Trace Events . | . . . . Feedback Events . | . . . . Feedback Blocked . | . . . . Robot Schematics Acquired . | . . . . Robots Built . | . . . . Authchips . | . . . . Time . | . . . . Total Robot Build Rating . | . . . . Part Schematics Acquired . | . . . . Parts Built . | . . . . Authchips . | . . . . Time . | . . . . Total Part Build Rating . | . . . . Parts Repaired . | . . . . Time . | . . . . Parts Recycled . | . . . . Recycled Matter . | . . . . Retrieved Matter . | . . . . Retrieved Components . | . . . . Parts Scanalyzed . | . . . . Part Schematics Acquired . | . . . . Parts Damaged . | . . . . Bothacking | -11 -10 -9 -9 ------------ Run | Yrd Mat Mat Sto Used RIF Installer . | . . . . Robots Hacked . | . . . . Non-combat . | . . . . Combat . | . . . . Robot Hacks Applied . | . . . . Relay Couplers Released . | . . . . Fabnet Peak Effective % . | . . . . Robots Rewired . | . . . . Allies Hacked . | . . . . Hacks Repelled . | . . . . Allies | -11 -10 -9 -9 -------- Run | Yrd Mat Mat Sto Total Allies 2 | . . . 2 Largest Group 2 | . . . 2 Highest-Rated Group 62 | . . . 62 Highest-Rated Ally 31 | . . . 31 Total Orders . | . . . . Ally Attacks 8 | . . . 8 Total Damage 102 | . . . 102 Kills 1 | . . . 1 Allies Corrupted . | . . . . Allies Melted . | . . . . Intel | -11 -10 -9 -9 ------- Run | Yrd Mat Mat Sto Active Infowar (turns) 742 | 39 289 336 78 Terrain 367 | 39 105 145 78 Structural 375 | . 184 191 . Robot Analysis Total 1 | . . 1 . Derelict Logs Recovered . | . . . . Drone Launches . | . . . . Drone Recoveries . | . . . . Exploration | -11 -10 -9 -9 ------------- Run | Yrd Mat Mat Sto Turns Passed 1102 | 109 289 519 185 Spaces Moved 459 | 54 129 217 59 Core 4 | 2 2 . . Treads 317 | 52 73 133 59 Legs 138 | . 54 84 . Wheels . | . . . . Hover . | . . . . Flight . | . . . . Fastest Speed 50 | 50 120 120 145 Average Speed 151 | 155 145 153 149 Slowest Speed 350 | 160 350 190 225 Overloaded Moves . | . . . . Propulsion Burnouts . | . . . . Robots Hopped . | . . . . Potential Cave-ins . | . . . . Cave-ins Triggered . | . . . . Exploration Rate (%) 16 | 4 28 15 17 Regions Visited 3 Branch Regions 1 Pre-discovered Areas . | . . . . Known Exits Taken 1 | . . 1 . Unknown Exits Taken 2 | 1 1 . . Scrap Searched . | . . . . Spaces Dug . | . . . . Terrain Destroyed 15 | . . 15 . Melee . | . . . . Projectile . | . . . . AOE 15 | . . 15 . Terrain Rammed . | . . . . Walls Destroyed . | . . . . Machines Disabled . | . . . . Actions | -11 -10 -9 -9 --------- Run | Yrd Mat Mat Sto Total 699 | 71 195 332 101 Wait 76 | 3 30 38 5 Move 456 | 53 128 216 59 Hop . | . . . . Pick Up 29 | 6 6 17 . Fast Attach 16 | 7 4 2 3 Attach 9 | . . 4 5 Detach . | . . . . Swap 13 | . 3 9 1 Drop 16 | . 5 11 . Fire 84 | 2 19 35 28 Melee . | . . . . Ram . | . . . . Kick . | . . . . Crush . | . . . . Escape Stasis . | . . . . Rewire . | . . . . Trap . | . . . . Miscellaneous . | . . . . Route ------- -11/Scrapyard -10/Materials -9/Materials (discovered 3 exits: Min / *Sto x2) -9/Storage History --------- Turn | Location | Event 31 | -11/Scrapyard | Discovered new exit (range 16) 110 | -11/Scrapyard | Entered Materials 302 | -10/Materials | Build established: Mutant 367 | -10/Materials | Discovered new exit (range 3) 399 | -10/Materials | Entered another Materials area 399 | -9/Materials | Evolved 2 slots: Utility x2 420 | -9/Materials | Discovered new exit (range 15) 909 | -9/Materials | Identified exit to Mines 909 | -9/Materials | Identified exit to Storage 918 | -9/Materials | Entered Storage 981 | -9/Storage | Met a pair of Derelict thieves 1002 | -9/Storage | Garrison activated, responded to threat 1044 | -9/Storage | Core integrity fell below 50% 1081 | -9/Storage | Lost 6 parts (1p2n2u1w) 1091 | -9/Storage | Core integrity fell below 20% 1103 | -9/Storage | Destroyed by Y-45 Defender with Heavy Assault Rifle Last Messages --------------- 01040_ G-47 Trooper unfolds itself. 01040_ G-34 Mercenary unfolds itself. 01040_ M-13 Machinist unfolds itself. 01045_ G-34 Mercenary destroyed. 01046_ Heat Sink destroyed. 01046_ Sml. Laser destroyed. 01048_ G-34 Mercenary destroyed. 01050_ Imp. Light Armor Plating destroyed. 01059_ M-13 Machinist repairs G-34 Mercenary. 01068_ S-10 Pest destroyed. 01077_ R-06 Scavenger collects Aluminum Leg. 01082_ Particle Gun destroyed. 01084_ Critical hit (Burn: +37). 01089_ Adv. Treads destroyed. 01090_ Ion Engine destroyed. 01092_ Overheating: Energy bleed (-16). 01097_ G-47 Trooper heat spikes uncontrollably. 01098_ G-47 Trooper overheating. 01098_ Melted Aluminum Leg. 01098_ G-47 Trooper destroyed. Map ----- +----------------------------------------------------+ | ?????????????????????????????????????????????????? | | ?????????????????????????????????????????????????? | | ?????????????????????????????????????????????????? | | ?????????????????????????????????????????????????? | | ?????????????????????????????????????????????????? | | ?????????????????????????????????????????????????? | | ?????????????????????????????????????????????????? | | ?????????????????????????????????????????????????? | | ?????????????????????????????????????????????????? | | ?????????????????????????????????????????????????? | | ?????????????????????????????????????????????????? | | ?????????????????????????????????????????????????? | | ?????????????????????????????????????????????????? | | ?????????????????????????????????????????????????? | | ?#???????????????????????????????????????????????? | | ?#??#????##?#??????#?#???????????????????????????? | | ??#???#??#??????##????????????##?????????????????? | | ??#??????#??#??#??????????#### #?????????????????? | | ?????###??##?#????##??##### #?????????????????? | | ????#??#?##??##??? ?? #!! #?????????????????? | | ##????????#?##?#? ?"?"?" #!! #?????????????????? | | #??????? ##????# ??? " #!! #?????????????????? | | ??????# ? #?#???#???"""" #[%% # #?????????????? | | ??????#? ??#?#??#?"??"" %#%""%+" #?????????????? | | ##??#?#"""##???#???? ?" =+%Y"^# #?????????????? | | ?#??### T##???# """"" @#="" #?????????????????? | | #??#?## #??#### Y g # #???? ????????????? | | ?########+###########+########## ????????????? | | ?## ^ [%= " ???????????? | | ### *%= =! "%" ???????????? | | ### " ???????????? | | ### ########### +###########" "?????????????? | | ?## ##????##?##### #??#?????????? ??????????? | | ### #?#??#?#??#?#T #?#??????????????????????? | | ?## #??#?###?#####" "###??##????#??????????????? | | ?## ###??##??### !#?#??#???????????????????? | | ??# #???###?####== #?#??#??#??#?????????????? | | ### ###?######?# = ==#?#?#????????????????????? | | ## #?#??#?#?##= = =#???????#?#??????????????? | | #??#####?#########?#????????#?????????????? | | " ##?###??###???????????#???????????????????? | | ###???##?????#????????????????????????????? | | ## #?#?###???#??#???#?#??????????????????????? | | ?#######????##???#?###??#?#?##???????????????????? | | | | | | | | | | | | | +----------------------------------------------------+ Best States ------------- Heat Dissipation 38 Energy Generation 10 Energy Capacity 250 Matter Stores 300 Matter Capacity 300 Sight Range 16 Terrain Scan Range 16 Terrain Scan Density 110 Armor Coverage 150 Evasion (%) 55 Recoil Reduction 2 Item Schematics ----------------- None Robot Schematics ------------------ None Fabricated ------------ Nothing Repaired ---------- Nothing Alien Tech Used ----------------- None Achievements -------------- Omniscient Cartographer Challenges ------------ None Game ------ Seed ElectronRagnarokSystem Manual? 0 Play Time 00:19:19 Cumulative 23.3 hours Start 2025.05.08 @ 11:44:20 End 2025.05.08 @ 12:37:36 Sessions 1 Manual Loads 0 Difficulty Rogue Special Mode None Game No. 34 Rogue 34 Adventurer 0 Explorer 0 Win Type - Total 0 Types 0/0/0/0/0/0/0/0/0/0 Lore% 23 Gallery% 19 Achievement% 22 Wizard Run 0 Options --------- Layout 1 ASCII 0 Keyboard 0 Movement Arrows Keybinds 0 Fullscreen 1 Font 32/SmallcapsGlow Map View 50x35 Zoom Use 0% Tactical HUD 1 Map Filters NONE Filters NONE Steam 1 RUN: e7818928-c240-4cdd-88a2-3b74a9ef193c